 Dungeon Crawl Stone Soup version 0.26-a0-652-gafc20e3620 (webtiles) character file.

Game seed: 3504568845125813582

1 DoubleLucky the Caller (level 1, 0/13 HPs)
             Began as a Vampire Summoner on Oct 2, 2020.
             Slain by a jackal (2 damage)
             ... on level 1 of the Dungeon.
             The game lasted 00:00:42 (54 turns).

DoubleLucky the Caller (Vampire Summoner)             Turns: 54, Time: 00:00:43

Health: 0/13       AC:  2    Str:  7    XL:     1   Next: 16%
Magic:  2/3        EV: 12    Int: 17    God:
Gold:   4          SH:  0    Dex: 14    Spells: 3/4 levels left

rFire    . . .     SeeInvis +   (no weapon)
rCold    . . .     Faith    .   (no shield)
rNeg     . . .     Spirit   .   a - +0 robe
rPois    .         Reflect  .   (no helmet)
rElec    .         Harm     .   (no cloak)
rCorr    .         Rampage  .   (no gloves)
MR       .....                  (no boots)
Stlth    ++........             (no amulet)
HPRegen  0.24/turn              (no ring)
MPRegen  0.08/turn              (no ring)

@: regenerating quickly
A: fangs 3, see invisible, unbreathing
a: Exsanguinate


You were on level 1 of the Dungeon.
You visited 1 branch of the dungeon, and saw 1 of its levels.

You collected 4 gold pieces.

Inventory:

Armour
 a - a +0 robe (worn)
Scrolls
 b - a scroll of identify {unknown}
 c - a scroll of remove curse {unknown}


   Skills:
 - Level 2.1 Dodging
 - Level 3.0 Stealth
 + Level 2.0 Spellcasting
 + Level 4.0 Summonings


You had 3 spell levels left.
You knew the following spells:

 Your Spells              Type           Power        Failure   Level
a - Summon Small Mammal   Summ           ###.         3%          1

Your spell library contained the following spells:

 Spells                   Type           Power        Failure   Level
 Call Imp                 Summ           ###.....     5%          2
 Call Canine Familiar     Summ           ###.....     11%         3
 Summon Guardian Golem    Hex/Summ       #.......     26%         3
 Summon Ice Beast         Ice/Summ       #.......     63%         4
 Summon Lightning Spire   Summ/Air       #.......     63%         4


Dungeon Overview and Level Annotations

Branches:
Dungeon (1/15)

Altars:


Innate Abilities, Weirdness & Mutations

Your natural rate of healing is unusually fast.
You have razor-sharp teeth.
You have supernaturally acute eyesight. (SInv)
You can survive without breathing.


Message History

You hit the jackal but do no damage.
The jackal is severely wounded.
Your bat hits the jackal.
The jackal dies!
Your bat misses the jackal.
Your bat closely misses the jackal.
The jackal barely misses you.
You hit the jackal but do no damage.
The jackal is severely wounded.
Your bat misses the jackal. The jackal misses you. The jackal bites you.
* * * LOW HITPOINT WARNING * * *
Your bat closely misses the jackal.
The jackal misses you. x2
You miss the jackal.
The jackal is severely wounded.
Your bat misses the jackal. The jackal bites you.
* * * LOW HITPOINT WARNING * * *
The jackal barely misses you.
You barely miss the jackal.
The jackal is severely wounded.
Your bat hits the jackal. The jackal closely misses you. The jackal bites you.
You die...

.# ## # ...
.#.# .... .#.
#.... .. #.....
##.# # #......
#..# ##
##......# ##@#
.###......#
##hh#
..#......##
##†b##
........##
##..##
.......##
##..##
.r<...#####..##
.....####...##
#...###..)###
........###


You could see 2 jackals and a friendly bat (summoned).

Vanquished Creatures (collateral kills)
  2 jackals (D:1)
2 creatures vanquished.

Notes
Turn   | Place    | Note
-------+----------+-------------------------------------------
     0 | D:1      | DoubleLucky the Vampire Summoner began the quest for the
                  | Orb.
     0 | D:1      | Reached XP level 1. HP: 13/13 MP: 3/3
    54 | D:1      | Slain by a jackal

Illustrated notes

Levels and vault maps discovered:
D:1:      dpeg_arrival_central, layout_basic, chequers_decorated_corner,
          nrook_uturn

Action                   || total
-------------------------++-------
Melee: Unarmed           ||    14
 Cast: Summon Small Mamm ||     4
Armor: Robe              ||     5
Dodge: Dodged            ||    32

Table legend: (Time is in decaauts)
 A = Elapsed time spent in this place.
 B = Non-inter-level travel time spent in this place.
 C = Inter-level travel time spent in this place.
 D = Time resting spent in this place.
 E = Time spent auto-exploring this place.
 F = Levels seen in this place.
 G = Mean time per level.
                   A        B        C        D        E       F      G
               +--------+--------+--------+--------+--------+-----+--------+
         Total |     54 |     54 |      0 |      0 |     12 |   1 |   54.0 |
       Dungeon |     54 |     54 |      0 |      0 |     12 |   1 |   54.0 |
               +--------+--------+--------+--------+--------+-----+--------+

Top non-repeatable levels by time:
     D:1: 54 daAuts
